 Dungeon Crawl Stone Soup version 0.20-a0-151-g755e310 (webtiles) character file.

34269 mopl the Covert (level 13, -4/58 HPs)
             Began as a Felid Enchanter on Nov 21, 2016.
             Was the Champion of Ashenzari.
             Hit by a large rock thrown by a stone giant (39 damage)
             ... on level 1 of the Orcish Mines on Nov 22, 2016.
             The game lasted 01:38:12 (31447 turns).

mopl the Covert (Felid Enchanter)                  Turns: 31447, Time: 01:38:13

Health: -4/58      AC:  3    Str:  4    XL:     13   Next: 41%
Magic:  21/26      EV: 28    Int: 19    God:    Ashenzari [******]
Gold:   627        SH:  0    Dex: 19    Spells: 0/29 levels left
                                        Lives:  0   Deaths: 4

rFire  . . .     SeeInvis +       - Unarmed
rCold  + + .     Gourm    .     (armour unavailable)
rNeg   + . .     Faith    .     (shield unavailable)
rPois  .         Spirit   .     (helmet unavailable)
rElec  .         Reflect  .     (cloak unavailable)
rCorr  .         Harm     .     (gloves unavailable)
MR     +....     Clarity  +     (boots unavailable)
Stlth  ++++++....               L - amulet of regeneration (curse)
                                u - ring of protection from cold (curse)
                                h - ring of positive energy (curse)

@: exhausted, very slightly contaminated, slowed, slow
A: no armour, no weapons or thrown items, stealth, claws 1, fangs 3, see
invisible, carnivore 3, speed 1, shaggy fur 3, slow metabolism 1, sharp paws
a: Curse Item, Scrying, Transfer Knowledge, Renounce Religion


You were on level 1 of the Orcish Mines.
You worshipped Ashenzari.
Ashenzari was exalted by your worship.
You were full.

You visited 3 branches of the dungeon, and saw 22 of its levels.
You also visited: Labyrinth and Bailey.

You collected 2070 gold pieces.
You spent 1443 gold pieces at shops.

Inventory:

Jewellery
 h - a cursed ring of positive energy (left paw)
 m - an uncursed ring of flight
 u - a cursed ring of protection from cold (right paw)
 L - a cursed amulet of regeneration (around neck)
 Z - an uncursed ring of protection from magic
Wands
 f - a wand of digging (15/24)
 k - a wand of paralysis (24/24)
 y - a wand of acid (9/15)
 A - a wand of heal wounds (5/9)
 F - a wand of confusion (32/48)
 M - a wand of acid (7/15)
 R - a wand of lightning (6/15)
 W - a wand of lightning (11/15)
Scrolls
 a - a scroll of blinking
 c - 3 scrolls of fog
 d - 3 scrolls of magic mapping
 e - 3 scrolls of fear
 i - 8 scrolls of recharging
 l - 5 scrolls of remove curse
 q - 3 scrolls of amnesia
 s - 4 scrolls of immolation {!r}
 t - 6 scrolls of identify
 w - 4 scrolls of vulnerability
 I - 5 scrolls of teleportation
 V - a scroll of holy word
Potions
 g - 14 potions of curing
 o - a potion of flight
 p - 3 potions of haste
 z - a potion of brilliance
 B - a potion of lignification {!q}
 C - 3 potions of agility
 D - 3 potions of might
 H - a potion of berserk rage {!q}
 K - a potion of heal wounds
 Q - a potion of cancellation
 U - a potion of resistance
Books
 j - a book of Party Tricks

   Spells                             Type                      Level
   a - Summon Butterflies             Summoning                    1
   b - Apportation                    Translocation                1
   c - Lesser Beckoning               Translocation                3
   d - Tukima's Dance                 Hexes                        3
   e - Alistair's Intoxication        Transmutation/Poison         5
   f - Invisibility                   Hexes                        6
Miscellaneous
 n - a lamp of fire
 T - a fan of gales
 X - a sack of spiders
Comestibles
 b - 10 meat rations


   Skills:
 + Level 8.0 Fighting
 + Level 11.3 Dodging
 - Level 14.0 Stealth
 - Level 14.0 Unarmed Combat
 + Level 8.7 Spellcasting
 - Level 7.9(12.3) Conjurations
 - Level 14.0(18.1) Hexes
 * Level 5.8(10.3) Transmutations
 - Level 7.8(12.2) Ice Magic
 * Level 4.8(9.2) Earth Magic
 + Level 2.9(6.7) Evocations


You couldn't memorise any spells.
You knew the following spells:

 Your Spells              Type           Power        Failure   Level  Hunger
a - Corona                Hex            ######.      0%          1    None
b - Ensorcelled Hibernat  Hex/Ice        ######       1%          2    None
c - Confuse               Hex            ######..     0%          3    None
d - Tukima's Dance        Hex            ######..     0%          3    None
g - Dazzling Spray        Conj/Hex       ######       1%          3    None
h - Invisibility          Hex            ######..     1%          6    ######.
k - Lee's Rapid Deconstr  Erth           #####.....   8%          5    #####..
p - Passwall              Tmut/Erth      #####.....   1%          2    None
P - Petrify               Tmut/Erth      #####...     1%          4    ###....


Dungeon Overview and Level Annotations

Branches:
Dungeon (15/15)            Temple (0/1) D:5            Lair (6/6) D:9
  Swamp (0/4) Lair:4        Snake (0/4) Lair:2        Slime (0/5) Lair:6
    Orc (1/2) D:12
 Vaults: D:13-14     Depths: D:15

Altars:
Ashenzari
Fedhas
Nemelex Xobeh
Sif Muna
The Shining One
Beogh
Jiyva

Shops:
D:5 (   D:9 :   D:10 ?

Annotations:
D:11 exclusions: death knight and phantasmal warrior
D:13 Azrael; Sonja
Lair:2 exclusion: oklob plant
Lair:6 exclusion: oklob plant


Innate Abilities, Weirdness & Mutations

You cannot wear armour.
You are incapable of wielding weapons or throwing items.
Your paws allow you to move quietly. (Stealth)
You have sharp claws.
You have razor-sharp teeth.
You have supernaturally acute eyesight. (SInv)
You are carnivorous and can eat meat at any time.
You cover ground quickly.
Your thick and shaggy fur keeps you warm. (AC +3, rC+)
You have a slow metabolism.
Your sharp claws are effective at attacking unaware monsters.


Message History

Items here: )))) [[[ You see here an uncursed flail.
You start resting.
Eating one of 3 chunks of flesh.
You start eating one of the 3 chunks of flesh.
This raw flesh tastes great.
Eating one of 2 chunks of flesh.
You start eating one of the 2 chunks of flesh.
This raw flesh tastes great.
Eating a chunk of flesh.
You start eating the chunk of flesh.
This raw flesh tastes great.
You flicker for a moment.
Unknown command.
You start resting.
Unknown command.
A stone giant is nearby!
You flicker back into view.
The stone giant shouts!
The stone giant throws a large rock.
The large rock closely misses you.
The stone giant throws a large rock.
The large rock hits you!!!
Ouch! That really hurt!
You die...

## *#.###.## * ,* **, *
##.###.#....# * ,, ** ,,
#...#......## , * ****,,
*#.......### *,, ,, , ,
##.......#.### #####* ,**,,,,, ,
#....#.......###.#.### , , *,,,
#.........C.........$#.. *, ,,,
##.........#.).........., ,, ,
#.........))##.#@(......, , , ,
##.........######.....##* ,, ,
*#.._.......###........#, , ,,
#....................... , , ,
#........>.^.....#...... ,,,
#.............#.#............ ,
###..........................,,,,
#.................##.......,, ,
##............#...#........, ,


You could see a stone giant.

Vanquished Creatures
  An orc warlord (Orc:1)
  The ghost of wazuzu the Spear-Bearer, a journeyman DsSk of Qazlal (Orc:1)
  Nessos (D:13)
  A minotaur (Lab)
  A fire dragon (Lair:6)
  A yaktaur captain (D:12)
  Erolcha (D:13)
  Harold (Lair:4)
  8 hydras
  3 centaur warriors
  4 death yaks
  Erica (Lair:2)
  A deep troll earth mage (D:12)
  Urug (D:13)
  2 tengu warriors
  A fire crab (Lair:6)
  3 skeletal warriors (D:14)
  A deep elf archer (Bailey)
  3 hill giants
  A lindwurm (Lair:2)
  A harpy (D:12)
  2 orc knights
  9 deep elf magi
  An orc sorcerer (Orc:1)
  14 ugly things
  5 cyclopes
  A manticore (D:11)
  8 elephants
  8 black mambas
  Maurice (D:11)
  2 gargoyles
  3 centaur zombies
  15 spiny frogs
  3 molten gargoyles (Lair:6)
  13 komodo dragons
  9 kobold demonologists
  4 rime drakes
  3 meliai (D:15)
  A polar bear (Lair:6)
  4 trolls
  2 minotaur zombies (Lab)
  12 blink frogs
  Grinder (D:4)
  12 hippogriffs
  16 dream sheep
  Sigmund (D:4)
  26 yaks
  A centaur simulacrum (D:14)
  2 redbacks (Lab)
  2 spriggans (Lair:2)
  A fire elemental (D:13)
  2 wraiths
  2 wyverns
  4 basilisks
  A golden eye (shapeshifter) (D:13)
  Grum (D:8)
  2 hungry ghosts (D:12)
  4 vampire mosquitoes (D:14)
  13 swamp worms
  Edmund (D:5)
  2 mottled dragons (Lair:6)
  11 wargs
  3 nagas (Lair:2)
  15 water moccasins
  The ghost of anet the Conjurer, an amateur DEWz (D:4)
  7 hell hounds
  5 porcupines
  A hornet zombie (D:10)
  21 orc warriors
  3 ice beasts
  A black bear (D:8)
  5 sky beasts
  10 ogres
  9 centaurs
  4 phantoms
  A necrophage (D:10)
  18 wolves
  18 crocodiles
  3 big kobolds
  17 bullfrogs
  A wyvern zombie (D:11)
  5 scorpions
  19 killer bees
  4 wights (D:11)
  An electric eel (Lair:4)
  A howler monkey (D:5)
  3 crimson imps
  2 bullfrog zombies
  5 lava snakes (Lair:6)
  A quasit (D:13)
  9 hounds
  5 jellies
  5 centaur skeletons
  5 orc priests
  10 orc wizards
  3 bullfrog skeletons
  4 iguanas
  14 worker ants
  A killer bee zombie (D:6)
  4 hound skeletons
  7 gnolls
  6 adders
  3 shadow imps
  An ooze (D:1)
  An adder zombie (D:7)
  5 adder skeletons
  12 worms
  A dart slug (D:2)
  8 leopard geckos
  81 orcs
  5 bats
  5 giant cockroaches
  15 goblins
  10 hobgoblins
  2 jackals (D:7)
  5 quokkas
  A ball python (D:3)
  A ball python skeleton (D:6)
  4 frilled lizards
  A jackal zombie (D:5)
  22 kobolds
  A leopard gecko skeleton (D:8)
  A quokka zombie (D:5)
  8 rats
713 creatures vanquished.

Vanquished Creatures (collateral kills)
  Rupert (Lair:4)
  An orc (Orc:1)
2 creatures vanquished.

Vanquished Creatures (others)
  2 dancing weapons
  3 orcs (Orc:1)
  14 fungi
  13 plants
32 creatures vanquished.

Grand Total: 747 creatures vanquished

Notes
Turn   | Place    | Note
-------+----------+-------------------------------------------
     0 | D:1      | mopl the Felid Enchanter began the quest for the Orb.
     0 | D:1      | Reached XP level 1. HP: 7/7 MP: 4/4
    82 | D:1      | Reached XP level 2. HP: 3/11 MP: 4/6
   108 | D:1      | Learned a level 2 spell: Ensorcelled Hibernation
  1211 | D:2      | Found a shattered altar of Ashenzari.
  1215 | D:2      | Became a worshipper of Ashenzari the Shackled
  1650 | D:2      | Reached XP level 3. HP: 14/14 MP: 2/7
  1655 | D:2      | Learned a level 3 spell: Confuse
  2260 | D:2      | Reached skill level 5 in Stealth
  2502 | D:2      | Reached skill level 5 in Hexes
  2972 | D:3      | Noticed a sky beast
  3084 | D:3      | Reached skill level 1 in Ice Magic
  3088 | D:3      | Found a deep blue altar of Sif Muna.
  3159 | D:3      | Reached XP level 4. HP: 5/18 MP: 5/8
  3318 | D:3      | Reached * piety under Ashenzari
  3343 | D:3      | Found a sparkling altar of Nemelex Xobeh.
  3983 | D:4      | Reached XP level 5. HP: 11/21 MP: 6/9
  4023 | D:4      | Reached skill level 6 in Stealth
  4139 | D:4      | Learned a level 3 spell: Dazzling Spray
  4154 | D:4      | Reached skill level 2 in Unarmed Combat
  4154 | D:4      | Reached skill level 6 in Hexes
  4241 | D:4      | Noticed anet's ghost (amateur DEWz)
  4555 | D:4      | Gained mutation: You are covered in thick fur. (AC +2) [Felid growth]
  4555 | D:4      | Reached XP level 6. HP: 23/24 MP: 11/11
  4672 | D:4      | Killed a sky beast
  4687 | D:4      | Noticed Grinder
  4725 | D:5      | Entered Level 5 of the Dungeon
  4808 | D:5      | Reached skill level 3 in Spellcasting
  4864 | D:5      | Noticed a water moccasin
  4869 | D:5      | Killed a water moccasin
  4869 | D:5      | Reached skill level 7 in Stealth
  4869 | D:5      | Reached skill level 7 in Hexes
  4869 | D:5      | Reached skill level 2 in Ice Magic
  4959 | D:5      | Reached XP level 7. HP: 27/27 MP: 9/12
  4998 | D:5      | Reached skill level 3 in Unarmed Combat
  5426 | D:5      | Reached ** piety under Ashenzari
  5430 | D:5      | Noticed a troll
  6162 | D:5      | Found a staircase to the Ecumenical Temple.
  6298 | D:5      | Learned a level 3 spell: Tukima's Dance
  6521 | D:5      | Noticed Edmund
  6815 | D:5      | Found Sanairr's Antique Weapon Shoppe.
  6909 | D:5      | Reached skill level 8 in Stealth
  7076 | D:5      | Reached skill level 4 in Unarmed Combat
  7076 | D:5      | Reached skill level 1 in Conjurations
  7219 | D:4      | Noticed Sigmund
  7227 | D:4      | Killed Sigmund
  7227 | D:4      | Reached skill level 8 in Hexes
  7227 | D:4      | Reached XP level 8. HP: 31/31 MP: 8/13
  7343 | D:4      | Killed anet's ghost
  7558 | D:4      | Paralysed by Grinder for 3 turns
  7565 | D:4      | Killed Grinder
  7565 | D:4      | Reached skill level 3 in Ice Magic
  7608 | D:5      | Killed Edmund
  7608 | D:5      | Reached skill level 9 in Stealth
  7608 | D:5      | Reached skill level 5 in Unarmed Combat
  7608 | D:5      | Reached skill level 2 in Conjurations
  7608 | D:5      | Reached skill level 9 in Hexes
  8053 | D:6      | Reached XP level 9. HP: 34/34 MP: 11/14
  8355 | D:6      | Reached skill level 10 in Stealth
  8383 | D:6      | Reached skill level 6 in Unarmed Combat
  8383 | D:6      | Reached skill level 10 in Hexes
  8515 | D:6      | Found a sparkling altar of Nemelex Xobeh.
  8549 | D:6      | Reached skill level 3 in Conjurations
  9058 | D:7      | Found a flagged portal.
  9111 | Bailey   | Entered a bailey
  9316 | Bailey   | Noticed a deep elf mage
  9319 | Bailey   | Killed a deep elf mage
  9319 | Bailey   | Reached skill level 11 in Stealth
  9319 | Bailey   | Reached skill level 7 in Unarmed Combat
  9319 | Bailey   | Reached skill level 11 in Hexes
  9332 | Bailey   | Noticed a deep elf mage
  9333 | Bailey   | Noticed a deep elf mage
  9333 | Bailey   | Noticed a deep elf mage
  9334 | Bailey   | Noticed a deep elf mage
  9342 | Bailey   | Killed a deep elf mage
  9349 | Bailey   | Killed a deep elf mage
  9349 | Bailey   | Reached XP level 10. HP: 20/37 MP: 2/15
  9353 | Bailey   | Killed a deep elf mage
  9353 | Bailey   | Reached skill level 12 in Stealth
  9365 | Bailey   | Killed a deep elf mage
  9365 | Bailey   | Reached skill level 8 in Unarmed Combat
  9365 | Bailey   | Reached skill level 12 in Hexes
  9373 | Bailey   | Noticed a deep elf mage
  9381 | Bailey   | Killed a deep elf mage
  9389 | Bailey   | Noticed a deep elf mage
  9394 | Bailey   | Killed a deep elf mage
  9545 | Bailey   | Noticed a deep elf archer
  9549 | Bailey   | Killed a deep elf archer
  9586 | Bailey   | Noticed a deep elf mage
  9595 | Bailey   | Killed a deep elf mage
  9595 | Bailey   | Reached skill level 13 in Stealth
  9711 | D:7      | Reached skill level 3 in Dodging
  9828 | D:7      | Reached skill level 1 in Fighting
 10004 | D:6      | Found a blossoming altar of Fedhas.
 10255 | D:7      | Reached skill level 13 in Hexes
 10608 | D:8      | Reached skill level 2 in Fighting
 10655 | D:8      | Reached XP level 11. HP: 37/43 MP: 6/17
 11726 | D:8      | Reached skill level 9 in Unarmed Combat
 12179 | D:8      | Noticed Grum
 12208 | D:8      | Reached skill level 4 in Dodging
 12718 | D:8      | Noticed an orc knight
 12732 | D:8      | Killed an orc knight
 12732 | D:8      | Reached skill level 4 in Ice Magic
 13175 | D:8      | Killed Grum
 13274 | D:9      | Found Zostaopu's Book Boutique.
 13440 | D:9      | Reached skill level 4 in Spellcasting
 13610 | D:9      | Found a staircase to the Lair.
 13850 | D:10     | Entered Level 10 of the Dungeon
 14000 | D:10     | Noticed a hill giant
 14397 | D:9      | Reached skill level 14 in Stealth
 14397 | D:9      | Reached skill level 4 in Conjurations
 14437 | D:10     | Reached *** piety under Ashenzari
 14546 | D:10     | Found Raez's Magic Scroll Emporium.
 14559 | D:10     | Bought a scroll of random uselessness for 13 gold pieces
 14559 | D:10     | Bought 2 scrolls of teleportation for 78 gold pieces
 14559 | D:10     | Bought a scroll of blinking for 97 gold pieces
 14559 | D:10     | Bought a scroll of noise for 13 gold pieces
 14561 | D:10     | Bought a scroll of identify for 26 gold pieces
 14561 | D:10     | Bought a scroll of identify for 26 gold pieces
 15149 | D:11     | Reached skill level 14 in Hexes
 15209 | D:11     | Reached skill level 3 in Fighting
 15481 | D:11     | Noticed Maurice
 15488 | D:11     | Killed Maurice
 15527 | D:11     | Reached skill level 5 in Dodging
 15604 | D:11     | Noticed a death knight
 15604 | D:11     | Noticed a phantasmal warrior
 15868 | D:11     | Gained mutation: Your thick and shaggy fur keeps you warm. (AC +3, rC+) [Felid growth]
 15868 | D:11     | Reached XP level 12. HP: 48/48 MP: 16/19
 16103 | D:11     | Reached skill level 10 in Unarmed Combat
 16621 | D:11     | Reached skill level 5 in Ice Magic
 17056 | D:12     | Reached skill level 5 in Spellcasting
 17273 | D:12     | Reached skill level 6 in Dodging
 17308 | D:12     | Reached skill level 4 in Fighting
 17558 | D:12     | Found a staircase to the Orcish Mines.
 17612 | D:12     | Reached skill level 5 in Conjurations
 17867 | Orc:1    | Entered Level 1 of the Orcish Mines
 17940 | Orc:1    | Noticed wazuzu's ghost (journeyman DsSk)
 17942 | Orc:1    | Noticed an orc warlord
 18810 | D:12     | Killed from afar by a manticore
 18811 | D:12     | Reached XP level 11. HP: -3/46 MP: 0/20
 18886 | D:10     | Killed a hill giant
 18911 | Lair:1   | Entered Level 1 of the Lair of Beasts
 19049 | Lair:1   | Reached skill level 11 in Unarmed Combat
 19126 | Lair:1   | Reached skill level 5 in Fighting
 19167 | Lair:1   | Reached XP level 12. HP: 51/51 MP: 15/21
 19174 | Lair:1   | Reached skill level 7 in Dodging
 19255 | Lair:1   | Reached **** piety under Ashenzari
 19703 | Lair:2   | Reached skill level 6 in Ice Magic
 19715 | Lair:2   | Reached skill level 6 in Spellcasting
 19786 | Lair:2   | Noticed Erica
 20079 | Lair:2   | Reached skill level 6 in Conjurations
 20283 | Lair:2   | Found a staircase to the Snake Pit.
 20568 | Lair:2   | Reached ***** piety under Ashenzari
 20777 | Lair:2   | Killed from afar by Erica
 20778 | Lair:2   | Reached XP level 11. HP: -1/48 MP: 11/21
 20784 | Lair:2   | Killed Erica
 21808 | Lair:4   | Reached skill level 8 in Dodging
 21811 | Lair:4   | Noticed Harold
 21829 | Lair:4   | Killed Harold
 21829 | Lair:4   | Reached skill level 6 in Fighting
 21829 | Lair:4   | Reached XP level 12. HP: 52/52 MP: 6/23
 22026 | Lair:4   | Reached skill level 12 in Unarmed Combat
 22243 | Lair:4   | Noticed Rupert
 22367 | Lair:4   | Killed Rupert
 22373 | Lair:4   | Noticed a five-headed hydra
 22428 | Lair:4   | Noticed an eight-headed hydra
 22436 | Lair:4   | Killed an eight-headed hydra
 22436 | Lair:4   | Reached skill level 7 in Spellcasting
 22477 | Lair:4   | Killed a five-headed hydra
 22647 | Lair:4   | Found a staircase to the Swamp.
 23050 | Lair:5   | Reached ****** piety under Ashenzari
 23417 | Lair:5   | Noticed a five-headed hydra
 23433 | Lair:5   | Reached skill level 7 in Ice Magic
 23676 | Lair:5   | Reached skill level 9 in Dodging
 23711 | Lair:5   | Reached skill level 7 in Conjurations
 23739 | Lair:5   | Upgraded the game from 0.20-a0-148-gb6cfb21 to 0.20-a0-151-g755e310
 23801 | Lair:5   | Reached XP level 13. HP: 57/57 MP: 21/24
 24390 | Lair:6   | Entered Level 6 of the Lair of Beasts
 24523 | Lair:6   | Identified a scroll of acquirement
 24549 | Lair:6   | Found a blossoming altar of Fedhas.
 24785 | Lair:6   | Found a large runed door.
 24786 | Lair:6   | Found a large runed door.
 24929 | Lair:6   | Found a viscous altar of Jiyva.
 24929 | Lair:6   | Found a staircase to the Slime Pits.
 25053 | Lair:6   | Reached skill level 13 in Unarmed Combat
 25511 | Lair:6   | Reached skill level 7 in Fighting
 26186 | Lair:6   | Reached skill level 10 in Dodging
 26598 | Lair:6   | Noticed a fire dragon
 26634 | Lair:6   | HP: 1/57 [komodo dragon (26)]
 26860 | Lair:6   | Reached skill level 8 in Spellcasting
 27125 | Lair:6   | Killed a fire dragon
 27125 | Lair:6   | Reached XP level 14. HP: 61/61 MP: 25/27
 27344 | D:9      | Bought a book of Geomancy for 490 gold pieces
 27347 | D:9      | Learned a level 2 spell: Passwall
 27352 | D:9      | Learned a level 4 spell: Petrify
 27358 | D:9      | Learned a level 5 spell: Lee's Rapid Deconstruction
 27683 | D:13     | Found a labyrinth entrance.
 27683 | D:13     | Noticed Urug
 27690 | D:13     | Killed Urug
 27694 | Lab      | Entered a labyrinth
 27948 | Lab      | Reached skill level 1 in Transmutations
 28079 | D:12     | Reached skill level 1 in Earth Magic
 28239 | D:12     | Killed from afar by a deep troll earth mage
 28240 | D:12     | Reached XP level 13. HP: -2/57 MP: 14/26
 28259 | D:12     | Reached skill level 2 in Transmutations
 28695 | D:13     | Noticed Nessos
 28697 | D:13     | Killed Nessos
 28697 | D:13     | Reached skill level 2 in Earth Magic
 28778 | D:12     | Reached skill level 3 in Transmutations
 29068 | D:13     | Found a glowing golden altar of the Shining One.
 29369 | D:13     | Noticed Erolcha
 29370 | D:13     | Killed Erolcha
 29488 | D:13     | Reached skill level 14 in Unarmed Combat
 29581 | D:13     | Noticed Sonja
 29598 | D:13     | bb
 29598 | D:13     | Noticed Azrael
 29613 | D:14     | Reached skill level 3 in Earth Magic
 29673 | D:14     | Reached skill level 1 in Evocations
 29680 | D:14     | Reached skill level 4 in Transmutations
 30121 | D:14     | Reached skill level 11 in Dodging
 30312 | D:14     | Reached XP level 14. HP: 62/62 MP: 3/27
 30492 | D:14     | Reached skill level 2 in Evocations
 30530 | D:14     | Reached skill level 4 in Earth Magic
 30570 | D:15     | Entered Level 15 of the Dungeon
 30572 | D:15     | Reached skill level 8 in Fighting
 30633 | D:15     | Reached skill level 5 in Transmutations
 30901 | D:9      | Bought a book of Party Tricks for 700 gold pieces
 30908 | D:9      | Learned a level 6 spell: Invisibility
 31322 | Orc:1    | Slain by wazuzu's ghost
 31323 | Orc:1    | Reached XP level 13. HP: 0/58 MP: 22/26
 31324 | Orc:1    | Found a roughly hewn altar of Beogh.
 31403 | Orc:1    | Killed an orc warlord
 31405 | Orc:1    | Noticed a stone giant
 31422 | Orc:1    | Killed wazuzu's ghost
 31447 | Orc:1    | Hit by a large rock thrown by a stone giant

Vault maps used:
D:1:      minmay_arrival_up_and_down, roderic_roman_lattice
D:2:      ashenzari_altar_1, st_stairs_3
D:3:      old_standard_altar, nemelex_spade_bored_becter
D:4:      kennysheep_generic_room_6, uniq_grinder, uniq_sigmund
D:5:      first_bread, serial_shops, nicolae_shop_crystal, uniq_edmund
D:6:      lemuel_upstairs_altar, nemelex_xobeh_ov_fountains_minmay
D:7:      enter_bailey_3
D:8:      lemuel_castle_with_subvaults, grunt_ogre_cave, uniq_grum
D:9:      lair_entry_dummy, serial_shops, shop, minmay_crystal_room
D:10:     serial_shops, shop
D:11:     uniq_maurice
D:12:     minmay_klotski, david_orc_3
D:13:     grunt_vaults_entry_tiered, lab_entry_generic, basic_altar, uniq_sonja,
          uniq_nessos, uniq_azrael, uniq_erolcha, uniq_urug
D:14:     serial_bayou_pond_d
D:15:     gammafunk_enter_depths_forms, chequers_big_river
Lair:1:   beast_lair_carwin_5, grunt_megastairs_1
Lair:2:   wad_woods_04, minmay_snake_entry_guardpost_small,
          grunt_forest_large_clearing_hut, grunt_megastairs_2,
          minmay_lair_oklob_chamber, uniq_erica
Lair:4:   nicolae_swamp_entry_splash_gauntlet, grunt_megastairs_4, uniq_harold,
          uniq_rupert
Lair:5:   worms_lemuel, infiniplex_staircase_pool_2
Lair:6:   cheibrodos_lair_end_hotspot, slime_altar_1, tgw_fedhas
Orc:1:    basic_altar
Lab:      labyrinth_hidden_loot, nicolae_lab_grate_2, labyrinth_skeletal_remains
Bailey:   bailey_polearm_3, bailey

Skill      XL: |  1  2  3  4  5  6  7  8  9 10 11 12 13 14 |
---------------+-------------------------------------------+-----
Stealth        | 5 6 7 8 9 11 13 14 | 14.0
Hexes          | 5 6 7 8 9 11 13 14 | 14.0
Ice Magic      | 1 2 3 4 7 |  7.8
Unarmed Combat | 2 4 5 7 8 11 12 14 | 14.0
Spellcasting   | 3 4 7 8 |  8.7
Conjurations   | 1 2 3 4 7 |  7.9
Dodging        | 3 8 9 11 | 11.3
Fighting       | 2 6 4 7 8 |  8.0
Transmutations | 4 5 |  5.8
Earth Magic    | 3 4 |  4.8
Evocations     | 1 2 |  2.9

Action                   |  1- 3 |  4- 6 |  7- 9 | 10-12 | 13-15 || total
-------------------------+-------+-------+-------+-------+-------++-------
Melee: Unarmed           |   127 |    97 |   271 |   731 |   405 ||  1631
       Bite              |     4 |     6 |    20 |    41 |    29 ||   100
       Punch             |       |     1 |     4 |    18 |    15 ||    38
 Cast: Corona            |     4 |     1 |     2 |     1 |    10 ||    18
       Ensorcelled Hiber |    17 |    10 |    61 |   352 |   308 ||   748
       Confuse           |       |     5 |    27 |    46 |    28 ||   106
       Tukima's Dance    |       |       |     1 |    13 |     1 ||    15
       Dazzling Spray    |       |       |     1 |    11 |       ||    12
       Passwall          |       |       |       |       |    16 ||    16
       Lee's Rapid Decon |       |       |       |       |     3 ||     3
       Invisibility      |       |       |       |       |     4 ||     4
Invok: Curse Item        |       |       |       |     3 |       ||     3
Evoke: Wand              |       |       |       |       |     4 ||     4
  Use: Scroll            |     4 |     1 |     3 |    10 |    13 ||    31
       Potion            |       |     1 |     4 |     4 |     4 ||    13
 Stab: Sleeping          |    22 |    16 |    40 |   245 |   159 ||   482
       Confused          |       |     4 |    13 |    23 |    12 ||    52
       Invisible         |       |       |     3 |     8 |    14 ||    25
       Distracted        |       |       |     1 |       |     2 ||     3
  Eat: Chunk             |    13 |     4 |    15 |    45 |    23 ||   100
Armor: Skin              |     7 |     2 |    36 |    35 |     8 ||    88
Dodge: Dodged            |    80 |    81 |   148 |   558 |   342 ||  1209
